 Dungeon Crawl Stone Soup version 0.18.1-48-g4cf74bf (webtiles) character file.

204 zilvtree the Cutter (level 5, 0/48 HPs)
             Began as a Minotaur Chaos Knight on July 27, 2016.
             Succumbed to an orc wizard's poison
             ... on level 4 of the Dungeon on July 28, 2016.
             The game lasted 00:14:42 (1693 turns).

zilvtree the Cutter (Minotaur Chaos Knight)         Turns: 1693, Time: 00:14:44

Health: 0/48       AC:  7    Str: 18    XL:     5   Next: 52%
Magic:  4/4        EV: 12    Int:  9    God:    Xom [..*...]
Gold:   108        SH:  0    Dex:  9    Spells: 0 memorised, 4 levels left

rFire  . . .     SeeInvis .     f - -3 scythe (curse)
rCold  . . .     Gourm    .     b - +3 leather armour
rNeg   . . .     Faith    .     (shield currently unavailable)
rPois  .         Spirit   .     (helmet restricted)
rElec  .         Dismiss  .     (no cloak)
rCorr  .         Reflect  .     l - +0 pair of gloves
SustAt .         Harm     .     (no boots)
MR     .....                    (no amulet)
Stlth  +.........               (no ring)
                                (no ring)

@: lethally poisoned (0 -> -30), not resistant to hostile enchantments, very
unstealthy
A: retaliatory headbutt, horns 2
a: Renounce Religion


You were on level 4 of the Dungeon.
You worshipped Xom.
You were a toy of Xom.
You were not hungry.

You visited 1 branch of the dungeon, and saw 4 of its levels.

You collected 108 gold pieces.

Inventory:

Hand Weapons
 a - a +0 short sword of chaos
 f - a cursed -3 scythe (weapon)
 h - a +0 club
Armour
 b - a +3 leather armour (worn)
 d - a +0 chain mail
 i - a +1 robe
 l - a +0 pair of gloves (worn)
Scrolls
 e - 3 scrolls of random uselessness
 j - a scroll of identify
Comestibles
 c - 2 bread rations
 g - a meat ration


   Skills:
 + Level 5.0 Fighting
 + Level 5.0 Short Blades
 + Level 3.1 Armour
 + Level 2.7 Dodging
 + Level 0.3 Stealth


You had 4 spell levels left.
You didn't know any spells.

Dungeon Overview and Level Annotations

Branches:
Dungeon (4/15)
 Temple: D:4-7

Altars:
Cheibriados
Fedhas


Innate Abilities, Weirdness & Mutations

You reflexively headbutt those who attack you in melee.
You have a pair of horns on your head.


Message History

You feel sick. Something hits you but does no damage.
You are lethally poisoned!
You closely miss something.
* * * LOW HITPOINT WARNING * * *
You feel very sick. Something barely misses you.
Something hits you but does no damage.
You are more poisoned.
As you read the scroll of teleportation, it crumbles to dust.
You feel strangely unstable.
* * * LOW HITPOINT WARNING * * *
You feel very sick. Something hits you.
* * * LOW HITPOINT WARNING * * *
* * * LOW HITPOINT WARNING * * *
You feel sick. Something hits you but does no damage.
You are more poisoned.
You continue eating.
Your surroundings suddenly seem different.
You die...
Xom thinks this is hilarious!

,, #.###.##...≈≈≈## , ,
*#.#...##......# ,
#####.....##...####
,...##h...##...#
,*#.##.##l##...#
,*#.....#.....#########
, ,,
*#...†....#####.......
, , *
#...h....#........... ,
,*
#...@#...##.#........
,*
#....#.>.##.#........ ,
#.(..#.####.#........ *
* #....#.####.#........
* *
#....#......#........
,, *
#....####'####....... ,
,, #..........#
#....... , *
#####......# #....... ,
* *#......###.......


You could see 2 jackals and a giant newt (wandering).

Vanquished Creatures
  Sigmund (D:2)
  A worker ant (D:4)
  A worm (D:2)
  A giant gecko (D:4)
  2 orcs (D:4)
  2 bats (D:1)
  A goblin (D:1)
  10 hobgoblins
  7 jackals
  A quokka (D:2)
  10 rats
37 creatures vanquished.

Notes
Turn   | Place    | Note
--------------------------------------------------------------
     0 | D:1      | zilvtree the Minotaur Chaos Knight began the quest for the Orb.
     0 | D:1      | Reached XP level 1. HP: 19/19 MP: 0/0
    71 | D:1      | XOM: silly message
   318 | D:1      | Reached XP level 2. HP: 27/27 MP: 1/1
   470 | D:1      | XOM: divination: magic mapping
   680 | D:1      | XOM: silly message
   787 | D:2      | XOM: divination: detect items
   788 | D:2      | Noticed Sigmund
   789 | D:2      | XOM: divination: magic mapping
   793 | D:2      | XOM: summons friendly ufetubus
   795 | D:2      | Killed Sigmund
   795 | D:2      | Reached XP level 3. HP: 24/34 MP: 2/2
   795 | D:2      | Reached XP level 4. HP: 29/41 MP: 3/3
   795 | D:2      | Reached XP level 5. HP: 33/47 MP: 4/4
  1004 | D:2      | XOM: colour smoke trail
  1222 | D:3      | Reached skill level 5 in Short Blades
  1432 | D:4      | Found a blossoming altar of Fedhas.
  1513 | D:4      | Found a snail-covered altar of Cheibriados.
  1537 | D:4      | XOM: enchant monster (good)
  1539 | D:4      | Reached skill level 5 in Fighting
  1615 | D:4      | XOM: divination: magic mapping
  1693 | D:4      | Succumbed to an orc wizard's poison

Skill      XL: |  1  2  3  4  5 |
---------------+----------------+-----
Short Blades   | 4 5 |  5.0
Fighting       | 4 5 |  5.0
Armour         | 3 |  3.1
Dodging        | 2 |  2.7
Stealth        | |  0.3

Action                   |  1- 3 |  4- 6 || total
-------------------------+-------+-------++-------
Melee: Short sword       |    50 |       ||    50
       Headbutt          |     8 |     9 ||    17
       Scythe            |       |    46 ||    46
  Use: Scroll            |     2 |     3 ||     5
       Potion            |       |     1 ||     1
  Eat: Bread ration      |       |     1 ||     1
       Royal jelly       |       |     1 ||     1
Armor: Leather armour    |    18 |    28 ||    46
Dodge: Dodged            |    30 |    56 ||    86
